Map: Winter Madness LE

Players

Reynor - Winner!

  • Race: Zerg Zerg
  • League: Master
  • Spawn Location: 5:00

LetaleX

  • Race: Protoss Protoss
  • League: Grandmaster
  • Spawn Location: 11:00

VOD

Have the link to the VOD?

Description

Time

  • Played on: Jan. 31, 2026, 12:13 p.m.
  • Length: 8:04
Show
View Real Time Build Order
Export as new Build Order

Reynor Zerg - Winner!

Build Orders: Hatch First 

Get SALT Encoding   

  12  0:00  Drone  
  13  0:07  Drone  
  13  0:14  Extractor, Drone  
  15  0:22  Overlord  
  15  0:40  Drone  
  16  0:45  Hatchery  
  16  0:49  Drone  
  16  0:52  Drone  
  16  0:56  Drone  
  18  1:07  Extractor  
  17  1:11  Spawning Pool  
  17  1:14  Drone  
  17  1:18  Drone  
  18  1:26  Drone  
  19  1:37  Drone  
  20  1:47  Drone  
  21  1:58  Overlord, Queen x2  
  21  1:59  Zergling x2  
  26  2:07  Drone  
  27  2:09  Drone  
  28  2:18  Drone  
  28  2:20  Drone  
  30  2:29  Drone, Hatchery  
  30  2:30  Drone  
  31  2:39  Metabolic Boost, Drone  
  31  2:41  Zergling x2  
  33  2:49  Queen  
  35  2:51  Overlord  
  35  2:54  Drone  
  36  3:04  Overlord  
  36  3:09  Queen  
  36  3:10  Drone x3  
  36  3:12  Drone  
  42  3:15  Drone x2  
  44  3:23  Drone, Zergling x2  
  44  3:25  Queen  
  48  3:30  Overlord  
  48  3:31  Drone  
  49  3:35  Zergling x2  
  49  3:38  Drone  
  51  3:42  Overlord  
  51  3:43  Queen  
  51  3:44  Drone  
  51  3:47  Spore Crawler  
  51  3:48  Drone  
  54  3:52  Spore Crawler, Drone  
  54  3:54  Drone  
  55  4:01  Roach Warren  
  54  4:03  Drone  
  54  4:04  Drone  
  54  4:05  Zergling x2  
  54  4:06  Zergling x2  
  54  4:08  Zergling x2  
  59  4:11  Overlord  
  59  4:15  Drone x3  
  62  4:18  Drone  
  62  4:22  Drone x3  
  64  4:25  Overlord  
  64  4:27  Drone x2  
  66  4:33  Drone  
  66  4:34  Overlord  
  66  4:37  Lair  
  67  4:39  Drone  
  67  4:41  Drone x2  
  67  4:43  Overlord  
  70  4:45  Drone  
  70  4:46  Drone  
  70  4:48  Extractor  
  71  4:54  Queen  
  72  5:01  Drone x3  
  72  5:02  Spore Crawler  
  72  5:03  Overlord  
  72  5:04  Zergling x12  
  79  5:08  Overlord  
  79  5:11  Drone  
  79  5:12  Drone  
  79  5:13  Extractor  
  80  5:15  Overlord  
  80  5:16  Drone  
  80  5:17  Drone  
  80  5:20  Drone x2  
  84  5:24  Overlord  
  84  5:28  Drone x6  
  87  5:32  Drone  
  87  5:33  Queen  
  92  5:38  Glial Reconstitution  
  92  5:39  Extractor, Queen  
  93  5:44  Drone  
  93  5:46  Extractor, Pneumatized Carapace  
  93  5:47  Extractor  
  93  5:48  Roach x2  
  96  5:53  Drone  
  97  5:57  Spore Crawler, Roach x4  
  97  6:02  Roach x2  
  97  6:03  Roach x2  
  112  6:07  Roach, Zergling x6  
  112  6:10  Roach  
  119  6:13  Overlord  
  119  6:16  Roach  
  119  6:17  Zergling x2  
  122  6:20  Overlord  
  122  6:21  Roach x2, Zergling x2  
  127  6:28  Overlord  
  127  6:29  Roach  
  127  6:32  Roach  
  131  6:38  Zergling x2  
  131  6:39  Zergling x12  
  138  6:47  Queen  
  138  6:48  Hatchery  
  138  6:49  Roach x2, Zergling x2  
  138  6:52  Overlord  
  144  6:54  Roach x2  
  144  7:00  Drone  
  149  7:01  Spire  
  140  7:09  Roach x3  
  140  7:11  Overlord  
  139  7:17  Zergling x16  
  139  7:22  Zergling x4  
  136  7:24  Queen  
  136  7:25  Queen  
  126  7:36  Zergling x14  
Show
View Real Time Build Order
Export as new Build Order

LetaleX Protoss 

Build Orders: 1 Gate Expand, Oracle Opening 

Get SALT Encoding   

  12  0:00  Probe  
  13  0:12  Probe  
  14  0:18  Pylon  
  14  0:24  Probe  
  15  0:30  Assimilator  
  15  0:32  Probe  
  15  0:40  Probe  
  16  0:46  Gateway  
  17  0:50  Probe  
  18  1:03  Probe  
  19  1:15  Probe  
  20  1:24  Nexus  
  20  1:35  Cybernetics Core  
  20  1:39  Probe  
  21  1:44  Assimilator  
  21  1:51  Probe  
  22  1:55  Pylon  
  22  2:02  Probe  
  22  2:03  Adept  
  23  2:10  Probe  
  26  2:18  Probe, Stargate  
  27  2:28  Assimilator  
  27  2:31  Stalker  
  27  2:34  Probe  
  28  2:38  Probe  
  31  2:46  Probe  
  32  2:54  Stargate  
  32  2:57  Probe  
  33  3:03  Probe  
  34  3:09  Oracle  
  34  3:12  Probe  
  38  3:15  Probe  
  39  3:24  Probe  
  39  3:25  Pylon  
  40  3:27  Probe  
  40  3:30  Oracle  
  41  3:36  Probe  
  46  3:41  Probe  
  46  3:46  Oracle  
  50  3:48  Probe  
  50  3:53  Probe  
  51  3:56  Pylon  
  51  4:00  Probe  
  52  4:04  Oracle  
  55  4:17  Probe x2  
  55  4:21  Oracle  
  56  4:29  Probe  
  56  4:30  Probe  
  61  4:33  Nexus  
  61  4:37  Pylon  
  61  4:41  Probe  
  61  4:44  Probe  
  62  4:54  Oracle  
  62  4:55  Probe, Oracle  
  62  4:56  Probe  
  68  5:07  Probe  
  68  5:11  Probe  
  67  5:14  Warp Gate  
  67  5:19  Probe  
  67  5:21  Twilight Council  
  65  5:23  Gateway, Probe  
  65  5:25  Gateway  
  65  5:30  Assimilator  
  65  5:31  Probe  
  65  5:32  Nexus  
  65  5:33  Pylon  
  65  5:34  Oracle  
  66  5:36  Probe  
  66  5:38  Pylon  
  70  5:46  Gateway  
  70  5:47  Pylon  
  70  5:48  Oracle  
  70  5:51  Probe x2  
  70  5:53  Charge  
  75  6:03  Probe x2  
  77  6:15  Probe x2, Oracle  
  82  6:24  Gateway  
  82  6:25  Gateway  
  82  6:28  Probe x2  
  84  6:33  Oracle  
  87  6:40  Probe x2  
  87  6:45  Probe, Forge  
  90  6:52  Probe x2  
  90  6:53  Shield Battery  
  92  6:57  Probe  
  83  7:04  Probe x2  
  78  7:09  Probe  
  78  7:13  Zealot  
  78  7:14  Zealot x3  
  85  7:16  Probe  
  85  7:18  Oracle x2  
  85  7:20  Sentry x2  
  89  7:25  Probe  
  82  7:35  Zealot x2  
  82  7:36  Zealot  
  81  7:46  Probe  
  81  7:49  Zealot x3  
  81  7:51  Probe  
Tags
 
Add a new tag
Caveats
  • Supply blocks, unpowered buildings, or Contaminate may cause inaccurate times.
  • Supply counts are checked every 10 seconds.